 Dungeon Crawl Stone Soup version 0.31-a0-217-g58bb5d79cf (webtiles) character file.

Game seed: 17501272397717414485

32 qw the Shooter (level 3, -2/21 HPs)
             Began as a Gargoyle Hexslinger on July 2, 2023.
             Slain by Natasha (5 damage)
             ... on level 2 of the Dungeon.
             The game lasted 00:00:25 (610 turns).

qw the Shooter (Gargoyle Hexslinger)                 Turns: 610, Time: 00:00:25

Health: -2/21      AC:  8    Str: 11    XL:     3   Next: 25%
Magic:  4/4        EV: 10    Int: 13    God:
Gold:   48         SH:  0    Dex: 14    Spells: 3/4 levels left

rFire   . . .        Y - +1 sling
rCold   . . .        (no shield)
rNeg    + . .        g - +0 ring mail
rPois   inf          (no helmet)
rElec   +            (no cloak)
rCorr   .            (no gloves)
SInv    .            (no boots)
Will    .....        (no amulet)
Stlth   +            (no ring)
HPRegen 0.23/turn    (no ring)
MPRegen 0.09/turn

%: no passive effects
@: no status effects
A: sickness immunity, AC +3, negative energy resistance 1, electricity
resistance, torment resistance 1, petrification resistance
a: no special abilities


You were on level 2 of the Dungeon.
You visited 1 branch of the dungeon, and saw 2 of its levels.

You collected 48 gold pieces.


Innate Abilities, Weirdness & Mutations

You are immune to sickness and miasma.
Your stone body is resilient. (AC +3)
You are immune to poison.
You resist negative energy. (rN+)
You are resistant to electric shocks. (rElec)
You are resistant to unholy torment.
You are immune to petrification.


   Skills:
 - Level 2.1 Fighting
 + Level 3.1 Ranged Weapons
 - Level 1.5 Dodging
 - Level 1.0 Spellcasting
 - Level 2.6 Hexes


You had 3 spell levels left.
You knew the following spells:

 Your Spells              Type           Power      Damage    Failure   Level
a - Slow                  Hex            28%        N/A       22%         1

Your spell library contained the following spells:

 Spells                   Type           Power      Damage    Failure   Level
 Inner Flame              Hex/Fire       4%         N/A       75%         3
 Portal Projectile        Hex/Tloc       8%         N/A       75%         3
 Cause Fear               Hex            3%         N/A       92%         4

Inventory:

Hand Weapons
 Y - a +1 sling (weapon)
Armour
 g - a +0 ring mail (worn)
Scrolls
 a - a scroll of blinking {unknown}
Potions
 e - a potion of mutation {unknown}
 j - a potion of attraction {unknown}

Dungeon Overview and Level Annotations

Branches:
Dungeon (2/15)

Altars:

Annotations:
D:2 Natasha


Message History

The ball python hisses angrily.
You shoot a sling bullet.
The sling bullet closely misses the ball python.
You shoot a sling bullet.
The sling bullet closely misses the ball python.
You shoot a sling bullet. The sling bullet hits the ball python!
You kill the ball python!
You see here a ball python corpse.
Natasha, Servant of Life and Death comes into view.
Natasha hisses angrily.
Natasha casts a spell.
604 ||| Stepping ~*~*~tactically~*~*~ (outnumbered).
You shoot a sling bullet. The sling bullet hits Natasha.
Natasha is moderately wounded.
Natasha stares at you and mumbles some strange words.
The magic dart hits you!
You shoot a sling bullet. The sling bullet barely misses Natasha.
Natasha stares at you and mumbles some strange words.
The magic dart hits you.
You shoot a sling bullet. The sling bullet hits Natasha.
Natasha is heavily wounded.
You shoot a sling bullet. The sling bullet barely misses Natasha.
The sling bullet hits the cerulean imp.
The cerulean imp is heavily wounded.
Natasha claws you!
The cerulean imp hits you but does no damage.
Natasha barely misses you.
You shoot a sling bullet.
The sling bullet closely misses Natasha.
The sling bullet hits the cerulean imp.
The cerulean imp is heavily wounded.
The cerulean imp closely misses you. Natasha casts a spell at you.
The magic dart hits you but does no damage.
The cerulean imp hits you from afar with a +0 spear.
You shoot a sling bullet.
The sling bullet closely misses Natasha.
The sling bullet closely misses the cerulean imp.
Natasha claws you.
You die...

##)..<..####
..).#)##.....# #
#.#........#
#.#........#
######.#........#
.....#.#........#
#............#
#.##....#########
#....@%.#
####..h##
#...5....5.
.<..#.#..####
###.##.#..# ...
#.# .# #.## #.#
.. #. #.# #. #
#.. #.


You could see Natasha and a cerulean imp (summoned).

Vanquished Creatures
  A dart slug (D:1)
  4 ball pythons
  A bat (D:1)
  4 endoplasms
  3 giant cockroaches (D:1)
  2 jackals (D:1)
  2 kobolds
  2 quokkas (D:1)
  4 frilled lizards (D:1)
  3 goblins
26 creatures vanquished.

Notes
Turn   | Place    | Note
-------+----------+-------------------------------------------
     0 | D:1      | qw the Gargoyle Hexslinger began the quest for the Orb.
     0 | D:1      | Reached XP level 1. HP: 12/12 MP: 2/2
     0 | D:1      | 0 ||| qw: Version: 0.3-a-40-ge99b1a8
     0 | D:1      | 0 ||| qw: Game counter: 8004
     0 | D:1      | 0 ||| qw: Melee chars always use a shield: true
     0 | D:1      | 0 ||| qw: God list: Okawaru
     0 | D:1      | 0 ||| qw: Allow faded altars: false
     0 | D:1      | 0 ||| qw: Do Orc after clearing Dungeon:15 true
     0 | D:1      | 0 ||| qw: Do second Lair branch before Depths: true
     0 | D:1      | 0 ||| qw: Lair rune preference: random
     0 | D:1      | 0 ||| qw: Goals: Normal
     0 | D:1      | 0 ||| PLANNING D:1-11
    96 | D:1      | Reached XP level 2. HP: 16/16 MP: 3/3
   180 | D:1      | Reached skill level 3 in Ranged Weapons
   376 | D:1      | 376 ||| FLEEEEING.
   377 | D:1      | 377 ||| FLEEEEING.
   414 | D:1      | Reached XP level 3. HP: 20/21 MP: 4/4
   544 | D:1      | 544 ||| UPGRADING to +0 ring mail.
   554 | D:1      | 554 ||| DROPPING +0 robe.
   555 | D:1      | 555 ||| READING scroll labelled QEM GOFRELAM.
   560 | D:1      | 560 ||| READING scroll labelled LUROMP KIKU.
   561 | D:1      | 561 ||| READING scroll labelled ZALAIJ GOH GYITO.
   562 | D:1      | 562 ||| READING scroll labelled BEOCEM EXKAFONA.
   563 | D:1      | 563 ||| DROPPING scroll of poison.
   603 | D:2      | Noticed Natasha
   604 | D:2      | 604 ||| Stepping ~*~*~tactically~*~*~ (outnumbered).
   609 | D:2      | HP: 3/21 [cerulean imp/+0 spear[Natasha] (3)]
   610 | D:2      | Slain by Natasha

Levels and vault maps discovered:
D:1:      minmay_arrival_semitransparent, layout_rooms, st_stairs_4,
          hangedman_decor_peaks_small
D:2:      minmay_wonky_spiral, layout_basic, uniq_robin, uniq_natasha,
          uniq_sigmund

Skill      XL: |  1  2 |
---------------+-------+-----
Ranged Weapons | 3 |  3.1
Fighting       | 2 |  2.1
Dodging        | |  1.5
Spellcasting   | |  1.0
Hexes          | |  2.6

Action                     || total
---------------------------++-------
   Fire: Sling             ||   105
    Use: Scroll            ||     4
 Armour: Robe              ||    22
         Ring mail         ||     2
  Dodge: Dodged            ||    47

Table legend:
 A = Non-vault XP
 B = Vault XP
 C = Vault XP percentage of total XP
 D = Non-vault monster count
 E = Vault monster count
 F = Vault count percentage of total count
                 A         B        C        D         E       F
            +---------+---------+-------+---------+---------+-------
      Total |      41 |       5 |  10.9 |      23 |       3 |  11.5
            +---------+---------+-------+---------+---------+-------
        D:1 |      34 |       5 |  12.8 |      19 |       3 |  13.6
        D:2 |       7 |       0 |   0.0 |       4 |       0 |   0.0
            +---------+---------+-------+---------+---------+-------
